 Dungeon Crawl Stone Soup version 0.26-a0-1191-ge2a0e31ab3 (webtiles) character file.

Game seed: 17540522841715439038

46 tilp the Skirmisher (level 3, 0/52 HPs)
             Began as a Palentonga Delver on Dec 28, 2020.
             Succumbed to a scorpion's poison
             ... on level 5 of the Dungeon.
             The game lasted 00:01:55 (146 turns).

tilp the Skirmisher (Palentonga Delver)              Turns: 146, Time: 00:01:55

Health: 0/52       AC: 21    Str: 16    XL:     3   Next: 46%
Magic:  3/3        EV:  1    Int: 10    God:
Gold:   0          SH:  0    Dex: 11    Spells: 2/2 levels left

rFire    . . .     SeeInvis +   a - +0 mace
rCold    . . .     Faith    .   (no shield)
rNeg     + + +     Spirit   .   (armour currently unavailable)
rPois    +         Reflect  .   (helmet currently unavailable)
rElec    .         Harm     .   (cloak currently unavailable)
rCorr    .         Rampage  .   (gloves currently unavailable)
Will     .....     NoTele   +   (no barding)
Stlth    ++........             (no amulet)
HPRegen  0.17/turn              (no ring)
MPRegen  0.08/turn              (no ring)

@: brilliant, lethally poisoned (0 -> -1), tree-form
A: large, rugged brown scales 3, see invisible
a: no special abilities


You were on level 5 of the Dungeon.
You were a tree.
You visited 1 branch of the dungeon, and saw 2 of its levels.

Inventory:

Hand Weapons
 a - a +0 mace (weapon)
Missiles
 i - 20 stones
Armour
 b - a +0 leather armour (melded)
Wands
 g - a wand of digging (2)
Scrolls
 c - a scroll of fog
 e - a scroll of fear
 h - a scroll of remove curse {unknown}
Potions
 f - a potion of haste


   Skills:
 + Level 3.8 Fighting
 + Level 3.1 Maces & Flails
 - Level 1.5 Dodging
 - Level 3.3 Stealth


You had 2 spell levels left.
You didn't know any spells.
Your spell library was empty.

Dungeon Overview and Level Annotations

Branches:
Dungeon (6/15)
 Temple: D:4-7

Altars:


Innate Abilities, Weirdness & Mutations

(You are completely covered in rugged brown scales. (AC +3, +7% HP))
You have supernaturally acute eyesight. (SInv)
((Armour fits poorly on your strangely shaped body.))
((You can roll at nearby foes to attack.))
((You have a long armoured tail.))


Message History

You have reached level 2!
You have reached level 3!
Your experience leads to an increase in your attributes!
Increase (S)trength, (I)ntelligence, or (D)exterity?
You feel stronger.
Unknown command.
* * * LOW HITPOINT WARNING * * *
You feel sick.
Unknown command.
Okay, then.
Unknown command.
Unknown command.
Unknown command.
Unknown command.
Unknown command.
Unknown command.
* * * LOW HITPOINT WARNING * * *
You feel sick.
Unknown command.
You die...

*,*****************,*,**********
*,* *.#,*,,,*** *,* *.#,*,*,,,*
*,############ *.#,*,*,*,*
*,#.>........# *.#,*,*,*,****
*,#.########.# *.#,*,,,,_,,,,
*,#.# #.# *.#,*##.*,**** *,#.#
#.######.#.....*,** *,#.#
#...♣†.........<,,* **,#.#
#####.##.#.####**+*** ,,,#.#
#.#*.#,* *,,,,,,, **,#.#****
#.#*.#,* *,,,,,,, ***#.....#
#.#*.#,* *,,,,,,, *,,+.....#
#.#*.#,* *,,,,,,, ***#.....#
#.#*.#,* *,,,,,,, #.....#
#.#*.#,* *>,*+*** #.....#
#.#*,*,* *,,*,*


There were no monsters in sight!

Vanquished Creatures
  A scorpion (D:5)
  A jackal skeleton (D:5)
2 creatures vanquished.

Notes
Turn   | Place    | Note
-------+----------+-------------------------------------------
     0 | D:5      | tilp the Palentonga Delver began the quest for the Orb.
     0 | D:5      | Reached XP level 1. HP: 20/20 MP: 1/1
   122 | D:5      | Noticed a scorpion
   136 | D:5      | HP: 1/30 [scorpion (2)]
   137 | D:5      | Killed a scorpion
   138 | D:5      | Reached XP level 2. HP: 1/28 MP: 2/2
   138 | D:5      | Reached XP level 3. HP: 2/35 MP: 3/3
   142 | D:5      | HP: 1/52 [poisoned by a scorpion]
   146 | D:5      | Succumbed to a scorpion's poison

Illustrated notes

Levels and vault maps discovered:
D:5:      layout_basic, lemuel_crystal_altar, uniq_sigmund
D:6:      layout_basic, xom_teletrap_fun, vehumet_crystals,
          hellmonk_ghost_happy_afterlife, minmay_shop_enchanted_jewellery

Skill      XL: |  1 |
---------------+----+-----
Maces & Flails | 3 |  3.1
Fighting       | |  3.8
Dodging        | |  1.5
Stealth        | |  3.3

Action                   || total
-------------------------++-------
Melee: Mace              ||    10
 Abil: Rolling Charge    ||     1
Evoke: Wand              ||     1
  Use: Potion            ||     2
       Scroll            ||     1
Armor: Leather armour    ||     3
Dodge: Dodged            ||     3

Table legend: (Time is in decaauts)
 A = Elapsed time spent in this place.
 B = Non-inter-level travel time spent in this place.
 C = Inter-level travel time spent in this place.
 D = Time resting spent in this place.
 E = Time spent auto-exploring this place.
 F = Levels seen in this place.
 G = Mean time per level.
                   A        B        C        D        E       F      G
               +--------+--------+--------+--------+--------+-----+--------+
         Total |    149 |    122 |     27 |      0 |      0 |   2 |   74.5 |
       Dungeon |    149 |    122 |     27 |      0 |      0 |   2 |   74.5 |
               +--------+--------+--------+--------+--------+-----+--------+

Top non-repeatable levels by time:
     D:5: 125 daAuts
     D:6: 23 daAuts
